 Dungeon Crawl Stone Soup version 0.17-a0-1996-gd2c0ec8 (webtiles) character file.

8715 4thArraOfDagon the Grappler (level 11, -5/105 HPs)
             Began as a Troll Earth Elementalist on Oct 7, 2015.
             Was an Elder of Cheibriados.
             Slain by an orc warlord
             ... wielding a +1 bardiche of flaming
              (8 damage)
             ... on level 4 of the Orcish Mines.
             The game lasted 00:30:12 (5706 turns).

4thArraOfDagon the Grappler (TrEE)                  Turns: 5706, Time: 00:30:13

Health: -5/105     AC:  8    Str: 36    XL:     11   Next: 13%
Magic:  8/13       EV: 13    Int: 24    God:    Cheibriados [****..]
Gold:   274        SH: 12    Dex: 27    Spells: 2 memorised, 9 levels left

rFire  + . .     SeeInvis .       - Unarmed
rCold  . . .     Clarity  .     L - +0 robe {MR+}
rNeg   . . .     SustAt   .     N - +0 shield
rPois  .         Gourm    +     (helmet restricted)
rElec  .         Spirit   .     q - +0 cloak
rCorr  .         Warding  .     (gloves unavailable)
rMut   .         Stasis   .     (boots unavailable)
MR     +....                    (no amulet)
Stlth  ++........               b - +4 ring of dexterity
                                R - ring of Uzozxilu {rF+ Str+6 Dex+3}

@: very slow, somewhat resistant to hostile enchantments, unstealthy
A: unfitting armour, claws 3, hooves 1, molten scales 1, rugged brown scales 1,
fast metabolism 3, gourmand, sense surroundings 1, regeneration 2, screaming 1,
shaggy fur 1, strong 1, tough skin 2, no device heal 1
a: Bend Time, Temporal Distortion, Slouch, Renounce Religion


You were on level 4 of the Orcish Mines.
You worshipped Cheibriados.
Cheibriados was greatly pleased with you.
You were very full.

You visited 3 branches of the dungeon, and saw 17 of its levels.
You also visited: Sewer.

You collected 1115 gold pieces.
You spent 841 gold pieces at shops.

Inventory:

Hand Weapons
 l - a +0 giant club
 v - a +0 giant spiked club
 w - a +0 mace
 F - the +1 dagger of Uwooti {flame, rElec MP-9 Str+3 Dex-4, unknown}
   (You found it on level 4 of the Dungeon)

   It has been specially enchanted to burn those struck by it, causing extra
   injury to most foes and up to half again as much damage against particularly
   susceptible opponents.
   It affects your strength (+3).
   It affects your dexterity (-4).
   It insulates you from electricity.
   It affects your magic capacity (-9).
 J - a +0 giant club
 S - a +0 blowgun
Missiles
 a - 20 stones (quivered)
 A - 5 exploding tomahawks
 T - 3 curare-tipped needles
Armour
 q - a +0 cloak (worn)
 L - a +0 robe of magic resistance (worn)
 N - a +0 shield (worn)
Jewellery
 b - a +4 ring of dexterity (right claw)
 g - an uncursed ring of ice
 n - an uncursed ring of teleportation
 p - an uncursed ring of protection from fire
 I - an uncursed ring of ice
 R - the ring of Uzozxilu (left claw) {rF+ Str+6 Dex+3}
   (You bought it in a shop on level 2 of the Orcish Mines)

   [ring of protection from fire]

   It affects your strength (+6).
   It affects your dexterity (+3).
   It protects you from fire.
Wands
 o - a wand of polymorph (10)
 C - a wand of slowing (19)
 H - a wand of enslavement (13)
Scrolls
 h - 2 scrolls of teleportation {unknown}
 y - 5 scrolls of fog
 B - a scroll of enchant weapon {unknown}
 G - a scroll of torment {unknown}
 O - a scroll of recharging {unknown}
Potions
 e - a potion of degeneration {unknown}
 k - a potion of flight
 m - 3 potions of might {unknown}
 r - a potion of brilliance
 s - a potion of haste
 u - a potion of berserk rage {unknown}
 x - a potion of resistance
 z - 4 potions of heal wounds
 D - 2 potions of agility
 E - 2 potions of curing
Books
 c - a book of Geomancy

   Spells                             Type                      Level
   a - Sandblast                      Earth                        1
   b - Stoneskin                      Transmutation/Earth          2
   c - Passwall                       Transmutation/Earth          3
   d - Stone Arrow                    Conjuration/Earth            3
   e - Petrify                        Transmutation/Earth          4
   f - Lee's Rapid Deconstruction     Earth                        5
Miscellaneous
 P - a plain deck of changes {drawn: 2}
Comestibles
 d - 4 bread rations
 f - 2 beef jerkies
 i - 3 meat rations
 j - a chunk of flesh
 K - 4 fruits


   Skills:
 + Level 5.1 Fighting
 + Level 5.4 Dodging
 - Level 1.1 Stealth
 * Level 3.8 Shields
 * Level 11.5 Unarmed Combat
 - Level 1.2 Spellcasting
 - Level 0.6 Transmutations
 - Level 2.6 Earth Magic
 + Level 4.7 Invocations
 - Level 4.0 Evocations


You had 9 spell levels left.
You knew the following spells:

 Your Spells              Type           Power        Failure   Level  Hunger
a - Sandblast             Erth           ##....       14%         1    #......
b - Stoneskin             Trmt/Erth      #.......     34%         2    ###....


Dungeon Overview and Level Annotations

Branches:
Dungeon (12/15)            Temple (1/1) D:6             Orc (4/4) D:11
    Elf (0/3) Orc:4
   Lair: D:8-11

Altars:
Cheibriados
Dithmenos
Qazlal
Ru
Sif Muna
Trog
Vehumet
Xom
Beogh

Shops:
D:7 !   D:8 !   D:10 *   Orc:2 =

Portals:
Trove: D:10 (give 13 potions of heal wounds)

Annotations:
D:11 Urug
Orc:3 Maud, Nergalle


Innate Abilities, Weirdness & Mutations

You are too large for most types of armour.
You have claws for hands.
Your metabolism is lightning-fast.
You like to eat raw meat.
You heal very quickly.
You are covered in fur (AC +1).
You have very tough skin (AC +2).
You have large cloven feet.
You are partially covered in molten scales (AC +1).
You are partially covered in rugged brown scales (AC +1, +3% HP).
You passively map a small area around you.
You occasionally shout uncontrollably at your foes.
Your muscles are strong. (Str +2)
Potions and wands are less effective at restoring your health.


Message History

You kick the orc warlord, but do no damage.
The orc warlord is moderately wounded.
Unknown command.
Use which ability?
You fail to use your ability.
The orc wizard gestures wildly while chanting.
The orc wizard flickers and vanishes!
Deactivating autopickup; reactivate with Ctrl-A.
Unknown command.
Use which ability?
You can feel time thicken for a moment.
Cheibriados appreciates the change of pace.
Reactivating autopickup.
You feel a bit more experienced.
You feel somewhat less full.
You can no longer step out of the time flow.
Cheibriados reduces the support of your attributes as your movement quickens.
The orc warlord hits you with a bardiche of flaming!!
* * * LOW HITPOINT WARNING * * *
The orc warlord burns you!
You die...

.....#* #.[.....##
#### ......#
##[#.....## #
.......# ##...#...##
........###.....#...#
.......##......#...##
.......#.......##.##
......##.......((..#
.....##........#o)##
...# *#..#.....#@.#
...# ####.....#.## *
...# #8...8###, ...#
#.....# , * ....#*
#.....# * ....#
..oo.. , * ...## ,
..... , 8 , .....


You could see an orc warlord.

Vanquished Creatures
  Nessos (Orc:4)
  Erolcha (Orc:2)
  Sonja (Orc:3)
  An unseen horror (D:10)
  An orc knight (Orc:4)
  Maurice (Orc:3)
  A troll (Orc:4)
  A hippogriff (D:8)
  A wyvern (D:10)
  2 wargs
  A sky beast (D:9)
  2 ice beasts (D:6)
  10 orc warriors
  2 centaurs (D:9)
  8 ogres
  A big kobold (D:10)
  A giant frog (D:8)
  2 scorpions
  A water moccasin skeleton (D:4)
  A wyvern skeleton (D:11)
  5 wights (D:8)
  A killer bee (D:11)
  A crimson imp (D:8)
  A giant frog zombie (D:11)
  A quasit (D:10)
  3 hounds
  A gnoll shaman (D:3)
  14 orc priests
  20 orc wizards
  9 worker ants
  An iguana (D:9)
  A hound skeleton (D:11)
  3 gnolls
  11 adders
  A shadow imp (D:6)
  A worm (D:4)
  4 giant geckos (D:6)
  128 orcs
  A ball python (D:3)
  5 giant cockroaches
  3 hobgoblins
  6 kobolds
  A quokka (D:8)
  6 bats
  A giant gecko zombie (D:6)
  3 giant newts
  4 goblins
  5 rats
281 creatures vanquished.

Notes
Turn   | Place    | Note
--------------------------------------------------------------
     0 | D:1      | 4thArraOfDagon the Troll Earth Elementalist began the quest for the Orb.
     0 | D:1      | Reached XP level 1. HP: 16/16 MP: 1/1
     2 | D:1      | Noticed a demigod
     4 | D:1      | Noticed an ogre
     6 | D:1      | Noticed a minotaur
     6 | D:1      | Noticed an elf
     8 | D:1      | Noticed a spriggan
     8 | D:1      | Noticed a merfolk
    10 | D:1      | Noticed a felid
    10 | D:1      | Noticed a dwarf
    12 | D:1      | Noticed a draconian
    12 | D:1      | Noticed a ghoul
    14 | D:1      | Noticed a vampire
    14 | D:1      | Noticed a naga
    16 | D:1      | Noticed a human
    18 | D:1      | Noticed a centaur
    18 | D:1      | Noticed a vine stalker
    20 | D:1      | Noticed an octopode
    22 | D:1      | Noticed a formicid
    22 | D:1      | Noticed a gargoyle
    24 | D:1      | Noticed a tengu
    26 | D:1      | Noticed a troll
    26 | D:1      | Noticed a demonspawn
   234 | D:2      | Reached skill level 1 in Unarmed Combat
   346 | D:4      | Noticed a water moccasin skeleton
   361 | D:3      | Reached XP level 2. HP: 24/24 MP: 2/2
   573 | D:2      | Reached XP level 3. HP: 31/31 MP: 3/3
   602 | D:4      | Noticed a gnoll shaman
   653 | D:3      | Killed a gnoll shaman
   653 | D:3      | Reached skill level 1 in Evocations
   707 | D:3      | Reached XP level 4. HP: 16/39 MP: 4/4
   770 | D:3      | Reached skill level 3 in Unarmed Combat
   801 | D:4      | Killed a water moccasin skeleton
   801 | D:4      | Reached XP level 5. HP: 17/45 MP: 5/5
   897 | D:4      | You fall through a shaft for 3 floors!
   910 | D:7      | Learned a level 2 spell: Stoneskin
   992 | D:6      | Reached skill level 4 in Unarmed Combat
  1137 | D:6      | Noticed an ogre
  1138 | D:6      | Noticed an ice beast
  1148 | D:6      | Killed an ice beast
  1148 | D:6      | Reached skill level 5 in Unarmed Combat
  1148 | D:6      | Reached XP level 6. HP: 53/53 MP: 3/6
  1150 | D:6      | HP: 1/53 [ogre/giant club (19)]
  1230 | D:6      | Killed an ogre
  1250 | D:6      | Found a deep blue altar of Sif Muna.
  1286 | D:6      | Noticed an orc warrior
  1307 | D:6      | Reached XP level 7. HP: 59/59 MP: 8/8
  1342 | D:6      | Found a glowing drain.
  1346 | Sewer    | Entered a sewer
  1433 | D:6      | Noticed an ogre
  1444 | D:6      | Reached skill level 6 in Unarmed Combat
  1454 | D:6      | Killed an ogre
  1557 | D:5      | Entered Level 5 of the Dungeon
  1676 | D:4      | Noticed an orc wizard
  1681 | D:4      | Killed an orc wizard
  1931 | D:4      | Noticed a hound
  1954 | D:4      | Reached skill level 7 in Unarmed Combat
  2053 | D:4      | Noticed a scorpion
  2067 | D:4      | Killed a scorpion
  2144 | D:4      | Got a smoking dagger
  2171 | D:4      | Noticed an orc wizard
  2171 | D:4      | Noticed an orc priest
  2175 | D:4      | Killed an orc priest
  2184 | D:4      | Killed an orc wizard
  2387 | D:6      | Reached XP level 8. HP: 61/67 MP: 9/9
  2440 | D:6      | uhh
  2454 | D:7      | Found a radiant altar of Vehumet.
  2458 | D:7      | Found Cysar's Distillery.
  2464 | D:7      | Bought a potion of heal wounds for 70 gold pieces
  2464 | D:7      | Bought a potion of poison for 14 gold pieces
  2563 | D:8      | Reached skill level 1 in Fighting
  2563 | D:8      | Reached skill level 8 in Unarmed Combat
  2619 | D:8      | RIP NO TEMPLE
  2706 | D:8      | Found Bogagg's Distillery.
  2717 | D:8      | Bought a potion of lignification for 45 gold pieces
  2878 | D:9      | Gained mutation: Your muscles are strong. (Str +2) [potion of mutation]
  2878 | D:9      | Gained mutation: Your muscles are very strong. (Str +4) [potion of mutation]
  2878 | D:9      | Lost mutation: Your muscles are very strong. (Str +4) [potion of mutation]
  2879 | D:9      | Gained mutation: You are partially covered in molten scales (AC +1). [potion of mutation]
  2879 | D:9      | Gained mutation: Potions and wands are less effective at restoring your health. [potion of mutation]
  2879 | D:9      | Gained mutation: You occasionally shout uncontrollably at your foes. [potion of mutation]
  3033 | D:6      | Found a staircase to the Ecumenical Temple.
  3042 | Temple   | Entered the Ecumenical Temple
  3079 | Temple   | Became a worshipper of Cheibriados the Contemplative
  3283 | D:9      | Reached skill level 9 in Unarmed Combat
  3380 | D:9      | Reached XP level 9. HP: 80/80 MP: 11/11
  3405 | D:9      | Reached skill level 1 in Invocations
  3410 | D:10     | Entered Level 10 of the Dungeon
  3415 | D:10     | Found a portal to a secret trove of treasure.
  3422 | D:10     | Found Bodamn's General Store.
  3461 | D:10     | Killed an unseen horror
  3528 | D:10     | Acquired Cheibriados's first power
  3774 | D:11     | Gained mutation: You have large cloven feet. [helix card]
  3859 | D:10     | Reached skill level 10 in Unarmed Combat
  3878 | D:11     | Found a staircase to the Orcish Mines.
  3901 | D:11     | Noticed Urug
  4017 | D:12     | Noticed a cyclops
  4035 | Orc:1    | Entered Level 1 of the Orcish Mines
  4121 | Orc:2    | Found Jimele's Jewellery Boutique.
  4156 | Orc:2    | Noticed Erolcha
  4174 | Orc:2    | Killed Erolcha
  4174 | Orc:2    | Reached XP level 10. HP: 89/92 MP: 12/12
  4264 | Orc:1    | Acquired Cheibriados's second power
  4575 | Orc:2    | Reached skill level 1 in Shields
  4598 | Orc:2    | Acquired Cheibriados's third power
  4610 | Orc:2    | Noticed a wolf spider
  4611 | Orc:2    | Noticed a wolf spider
  4794 | Orc:3    | Noticed Maud
  4810 | Orc:3    | Noticed Sonja
  4810 | Orc:3    | Killed Sonja
  4810 | Orc:3    | Reached skill level 5 in Dodging
  4812 | Orc:3    | Noticed Maurice
  4844 | Orc:3    | Killed Maurice
  4844 | Orc:3    | Reached skill level 11 in Unarmed Combat
  4851 | Orc:3    | Found a roughly hewn altar of Beogh.
  4991 | Orc:3    | Noticed Nergalle
  5033 | Orc:4    | Entered Level 4 of the Orcish Mines
  5043 | Orc:4    | Acquired Cheibriados's fourth power
  5066 | Orc:4    | Noticed an orc knight
  5082 | Orc:4    | Killed an orc knight
  5429 | Orc:2    | Bought the ring of Uzozxilu {rF+ Str+6 Dex+3} for 712 gold pieces
  5524 | Orc:4    | Noticed Nessos
  5530 | Orc:4    | Killed Nessos
  5530 | Orc:4    | Reached skill level 5 in Fighting
  5530 | Orc:4    | Reached XP level 11. HP: 70/102 MP: 7/13
  5561 | Orc:4    | Gained mutation: You are partially covered in rugged brown scales (AC +1, +3% HP). [potion of beneficial mutation]
  5562 | Orc:4    | Gained mutation: You passively map a small area around you. [potion of beneficial mutation]
  5568 | Orc:4    | Found a staircase to the Elven Halls.
  5691 | Orc:4    | Noticed an orc warlord
  5706 | Orc:4    | HP: 3/105 [orc warlord/bardiche of flaming (33)]
  5706 | Orc:4    | Slain by an orc warlord

Vault maps used:
D:1:      kb_arrival_jail, nemelex_deck
D:2:      first_bread, minmay_misc_feat_encased
D:3:      ecumenical_altar_2
D:4:      kennysheep_generic_room_15
D:5:      uniq_sigmund
D:6:      overflow_temple_1_default, led_sif_pool, temple_statues,
          gup_sewer_entry_spiral, st_stairs_5
D:7:      serial_shops, shop, basic_altar
D:8:      serial_shops, nicolae_shop_waterfront
D:9:      grunt_temple_overflow_open, uniq_grum
D:10:     serial_shops, kennysheep_mini_moat, enter_trove_2
D:11:     lair_0_dummy, orc_0_dummy, hangedman_ranch, minmay_item_behind_shaft,
          uniq_urug, uniq_harold
Temple:   dpeg_five_rooms_temple_12
Orc:2:    nicolae_orc_accident_3, serial_shops, shop_statue, uniq_erolcha
Orc:3:    basic_altar, serial_shops, shop, nicolae_orc_pool_cavern, uniq_maud,
          uniq_sonja, uniq_nergalle, uniq_maurice
Orc:4:    grunt_orc_cross, uniq_nessos
Sewer:    sewer_big_baddie

Action                   |  1- 3 |  4- 6 |  7- 9 | 10-12 || total
-------------------------+-------+-------+-------+-------++-------
Melee: Unarmed           |    75 |    69 |   365 |   283 ||   792
 Fire: Blowgun           |       |       |       |     6 ||     6
 Cast: Stoneskin         |       |     2 |     6 |       ||     8
Invok: Bend Time         |       |       |     1 |       ||     1
       Slouch            |       |       |       |     4 ||     4
 Abil: Evoke Teleportati |       |       |    18 |       ||    18
Evoke: Wand              |       |       |     2 |       ||     2
       Deck              |       |       |     2 |       ||     2
  Use: Potion            |     2 |       |     6 |     2 ||    10
       Scroll            |     1 |     6 |     6 |     2 ||    15
 Stab: Sleeping          |     1 |     2 |     6 |     1 ||    10
  Eat: Chunk             |    11 |     2 |    35 |    11 ||    59
